 Dungeon Crawl Stone Soup version bcrawl-1.40.3b (webtiles) character file.

Game seed: 6431475034067570454

354629 Finalfun the Carver (level 12, -5/91 HPs)
             Began as a Human Archaeologist on Mar 16, 2024.
             Was an Initiate of Gozag.
             Slain by a seven-headed hydra (12 damage)
             ... on level 1 of the Lair of Beasts.
             The game lasted 00:30:22 (11134 turns).

Finalfun the Carver (Human Archaeologist)          Turns: 11134, Time: 00:30:22

Health: -5/91      AC: 11    Str: 13    XL:     12   Next: 8%
Magic:  15/15      EV: 13    Int: 15    God:    Gozag
Gold:   861        SH: 10    Dex: 15    Spells: 11/11 levels left

rFire    . . .     GDR:     31% h - +4 demon blade (venom)
rCold    . . .     SeeInvis .   c - +0 buckler
rNeg     . . .     Gourm    .   N - +0 ring mail
rPois    .         Faith    .   d - +1 hat
rElec    .         Spirit   .   w - +0 cloak
rCorr    .         Reflect  .   (no gloves)
MR       .....                  t - +2 pair of boots
Stlth    ++........             (no amulet)
HPRegen  0.25/turn              (no ring)
MPRegen  0.14/turn              (no ring)

@: no status effects
A: no striking features
a: Potion Petition, Call Merchant, Bribe Branch, Renounce Religion


You were on level 1 of the Lair of Beasts.
You worshipped Gozag.
Gozag was pleased with you.
You were very hungry.

You visited 3 branches of the dungeon, and saw 10 of its levels.

You collected 1055 gold pieces.
You paid 194 gold pieces to Gozag.

Inventory:

Hand Weapons
 a - a +0 falchion
 b - a +0 blowgun
 h - a +4 demon blade of venom (weapon)
 G - a +0 arbalest
Missiles
 f - 6 curare-tipped needles
 l - 250 poisoned tomahawks (quivered)
 m - 236 poisoned needles
 A - 29 needles of frenzy {=f}
Armour
 c - a +0 buckler (worn)
 d - a +1 hat (worn)
 t - a +2 pair of boots (worn)
 u - a +0 pair of gloves
 w - a +0 cloak (worn)
 N - a +0 ring mail (worn)
Jewellery
 q - a cursed ring of stealth {unknown}
Wands
 i - a wand of paralysis (4)
 n - a wand of flame (10)
 I - a wand of digging (23)
 K - a wand of polymorph (7)
Scrolls
 g - 2 scrolls of revelation
 o - a scroll of amnesia {unknown}
 x - 2 scrolls of fear
 y - 3 scrolls of blinking
 z - 3 scrolls of remove curse
 C - a scroll of immolation
 E - 2 scrolls of summoning
 F - a scroll of vulnerability {unknown}
 H - 3 scrolls of noise
 J - a scroll of enchant armour {unknown}
Potions
 j - 5 potions of curing
 k - a potion of haste
 p - 3 potions of brilliance
 r - a potion of invisibility
 s - 4 potions of might
 B - a potion of flight
 D - 5 potions of cancellation
 M - a potion of agility
Comestibles
 e - 16 rations {!d}


   Skills:
 + Level 7.3 Fighting
 - Level 14.0 Long Blades
   Level 1.1 Maces & Flails
 + Level 5.8 Armour
 + Level 7.2 Dodging
 - Level 4.0 Stealth
 + Level 5.7 Shields
 - Level 4.0 Evocations


You had 11 spell levels left.
You didn't know any spells.
Your spell library contained the following spells:

 Spells                   Type           Power        Failure   Level  Hunger
 Magic Dart               Conj           #...         67%         1    None
 Summon Small Mammal      Summ           #...         67%         1    None
 Blink                    Tloc           N/A          82%         2    ####...
 Call Imp                 Summ           #.....       82%         2    ####...
 Call Canine Familiar     Summ           #.......     96%         3    #####..
 Conjure Flame            Conj/Fire      #.......     96%         3    #####..
 Mephitic Cloud           Conj/Pois/Air  #.......     96%         3    #####..
 Spider Form              Tmut/Pois      #..          96%         3    #####..
 Summon Ice Beast         Ice/Summ       #.......     100%        4    ######.
 Summon Lightning Spire   Summ/Air       #.......     100%        5    #######


Dungeon Overview and Level Annotations

Branches:
Dungeon (7/12)             Temple (1/1) D:5            Lair (2/6) D:7
  Swamp (0/3) Lair:2
 Shoals: Lair:2-4     Snake: Lair:2-4    Spider: Lair:2-4

Altars:
Ashenzari
Cheibriados
Dithmenos
Elyvilon
Fedhas
Gozag
Hepliaklqana
Kikubaaqudgha
Lugonu
Makhleb
Nemelex Xobeh
Okawaru
Qazlal
Ru
Sif Muna
Trog
Uskayaw
Vehumet
Wu Jian
Xom
Yredelemnul
Zin

Annotations:
D:4 2 runed translucent doors, yrara's ghost, amateur DsFi


Message History

There is a stone staircase leading up here.
The seven-headed hydra bites you! The seven-headed hydra misses you.
The seven-headed hydra bites you!
* * * LOW HITPOINT WARNING * * *
The seven-headed hydra bites you.
* * * LOW HITPOINT WARNING * * *
You block the seven-headed hydra's attack.
The seven-headed hydra misses you.
You block the seven-headed hydra's attack.
A rune on the stairs sparks and fizzles.
You climb upwards.
There is a stone staircase leading down here.
You block the seven-headed hydra's attack.
The seven-headed hydra bites you!
* * * LOW HITPOINT WARNING * * *
The seven-headed hydra misses you. The seven-headed hydra bites you.
* * * LOW HITPOINT WARNING * * *
The seven-headed hydra bites you!
You die...
Your body crumbles into a pile of gold.

....≈..≈.≈≈.≈≈...................
#P.≈≈≈≈≈.....♣................#..
....≈.≈.≈.≈.♣..P.................
.......≈.≈≈...##.................
......♣.♣..#####.##...≈≈≈≈(....##
#..........# ##.#..≈≈≈≈≈≈≈...##
..........## #P.#.≈≈≈≈≈≈≈≈..##
.........## ##..≈≈≈≈≈≈≈≈≈≈##
.........## #@D≈≈≈≈≈≈≈≈≈.#
........#.# ##.≈≈≈≈≈≈.≈.##
#.......### ##.≈≈..>...#
.........#### ##.......##
#...........### ####...##
#...........#P# #####
..............# ..............#
## .............## ### #.


You could see a seven-headed hydra.

Vanquished Creatures
  A wolf spider zombie (D:6)
  An elephant (D:7)
  A black mamba (Lair:2)
  2 cane toads (Lair:2)
  2 komodo dragons (Lair:2)
  A rime drake (Lair:1)
  A meliai (D:7)
  A troll (D:7)
  A queen bee (Lair:2)
  2 blink frogs (Lair:2)
  3 hippogriffs
  5 wyverns (Lair:2)
  4 yaks
  2 basilisks
  A hungry ghost (D:7)
  6 crocodiles
  4 water moccasins
  An ice beast (D:5)
  4 porcupines
  4 sky beasts
  A black bear (D:6)
  11 wolves
  3 ogres
  A necrophage (D:6)
  5 bullfrogs
  3 kobold brigands
  A centaur (D:6)
  23 killer bees
  3 electric eels (Lair:1)
  A crimson imp (D:6)
  An orc priest (D:6)
  3 howler monkeys
  A quasit (D:5)
  A hound (D:4)
  A bullfrog skeleton (D:4)
  2 orc wizards
  2 bullfrog zombies
  An iguana (D:7)
  9 worker ants
  4 gnolls (D:7)
  4 adders
  2 shadow imps
  An ooze (D:2)
  An adder skeleton (D:5)
  3 worms (D:3)
  A dart slug (D:4)
  7 leopard geckos
  15 orcs
  A giant cockroach (D:1)
  4 goblins
  6 hobgoblins
  9 jackals
  26 kobolds
  4 quokkas
  2 ball pythons
  5 bats
  5 frilled lizards
  A jackal skeleton (D:6)
  7 rats
228 creatures vanquished.

Vanquished Creatures (others)
  A bush (Lair:2)
  4 fungi (Lair:2)
  A plant (Lair:1)
6 creatures vanquished.

Grand Total: 234 creatures vanquished

Notes
Turn   | Place    | Note
-------+----------+-------------------------------------------
     0 | D:1      | Finalfun the Human Archaeologist began the quest for the
                  | Orb.
     0 | D:1      | Reached XP level 1. HP: 15/15 MP: 1/1
   139 | D:1      | Reached XP level 2. HP: 18/21 MP: 2/2
   719 | D:2      | Reached XP level 3. HP: 26/26 MP: 3/3
   995 | D:2      | Reached XP level 4. HP: 14/34 MP: 4/4
  1484 | D:3      | Reached XP level 5. HP: 41/41 MP: 5/5
  1484 | D:3      | Identified a scroll of acquirement
  1607 | D:3      | Reached skill level 1 in Long Blades
  1681 | D:3      | Reached skill level 2 in Long Blades
  1793 | D:3      | Noticed a bullfrog
  1798 | D:3      | Killed a bullfrog
  1799 | D:3      | Reached skill level 3 in Long Blades
  1799 | D:3      | Reached XP level 6. HP: 48/48 MP: 6/6
  2213 | D:4      | Noticed a sky beast
  2418 | D:4      | Noticed a sky beast
  2429 | D:4      | Reached skill level 4 in Long Blades
  2462 | D:4      | Found a runed translucent door.
  2472 | D:4      | Noticed yrara's ghost (amateur DsFi)
  2557 | D:4      | Found a shattered altar of Ashenzari.
  2624 | D:4      | Killed a sky beast
  2625 | D:4      | Reached skill level 5 in Long Blades
  2625 | D:4      | Reached XP level 7. HP: 38/54 MP: 7/7
  2669 | D:4      | Found a runed translucent door.
  2714 | D:4      | Reached skill level 6 in Long Blades
  2768 | D:5      | Entered Level 5 of the Dungeon
  2842 | D:5      | Found a staircase to the Ecumenical Temple.
  2868 | D:5      | Reached skill level 7 in Long Blades
  2868 | D:5      | Reached XP level 8. HP: 29/60 MP: 8/8
  3069 | Temple   | Entered the Ecumenical Temple
  3530 | D:5      | Reached skill level 8 in Long Blades
  3880 | D:5      | Reached skill level 1 in Evocations
  4475 | D:6      | HP: 3/61 [wolf spider zombie (2)]
  4480 | D:6      | Reached skill level 5 in Fighting
  4480 | D:6      | Reached skill level 10 in Long Blades
  4480 | D:6      | Reached XP level 9. HP: 15/68 MP: 9/12
  5450 | D:6      | Found a radiant altar of Vehumet.
  5454 | D:6      | Noticed a hippogriff
  5471 | D:6      | Killed a hippogriff
  5472 | D:6      | Reached skill level 11 in Long Blades
  5770 | D:7      | Found a staircase to the Lair.
  5771 | D:7      | Noticed an elephant
  5794 | D:7      | Killed an elephant
  5795 | D:7      | Reached skill level 12 in Long Blades
  5795 | D:7      | Reached XP level 10. HP: 38/72 MP: 13/13
  5929 | D:7      | Identified the +7 halberd of Disintegration {flame, rN+}
  5995 | D:7      | Noticed a white ugly thing
  6343 | D:7      | Reached skill level 13 in Long Blades
  6554 | Lair:1   | Entered Level 1 of the Lair of Beasts
  6554 | Lair:1   | Noticed a black mamba
  6570 | Lair:1   | a black mamba changed into a meliai
  6751 | Lair:1   | Noticed a five-headed hydra
  7358 | Lair:1   | Noticed a rime drake
  7520 | Lair:1   | Killed a rime drake
  7641 | Lair:1   | Reached skill level 14 in Long Blades
  7790 | Lair:1   | Reached skill level 1 in Armour
  7790 | Lair:1   | Reached skill level 1 in Shields
  8204 | Lair:1   | Reached XP level 11. HP: 30/80 MP: 14/14
  8812 | Temple   | Became a worshipper of Gozag Ym Sagoz the Greedy
  9209 | Lair:1   | Reached skill level 5 in Dodging
  9690 | Lair:2   | Noticed a seven-headed hydra
  9910 | Lair:2   | Found a staircase to the Swamp.
 10578 | Lair:2   | Reached skill level 5 in Armour
 10578 | Lair:2   | Reached skill level 5 in Shields
 10698 | Lair:2   | Reached XP level 12. HP: 27/91 MP: 15/15
 11134 | Lair:1   | Slain by a seven-headed hydra

Skill      XL: |  1  2  3  4  5  6  7  8  9 10 11 |
---------------+----------------------------------+-----
Stealth        | 4 |  4.0
Dodging        | 4 7 |  7.2
Fighting       | 2 3 4 5 7 |  7.3
Long Blades    | 3 5 7 10 12 14 | 14.0
Evocations     | 4 |  4.0
Armour         | 2 5 |  5.8
Shields        | 2 5 |  5.7
Maces & Flails | |  1.1

Action                   |  1- 3 |  4- 6 |  7- 9 | 10-12 || total
-------------------------+-------+-------+-------+-------++-------
Melee: Whip              |   193 |    47 |       |       ||   240
       Demon blade       |       |    69 |   183 |   425 ||   677
       Falchion          |       |       |    99 |       ||    99
Throw: Tomahawk          |     3 |    25 |    17 |    46 ||    91
Evoke: Wand              |       |       |       |    10 ||    10
  Use: Scroll            |     1 |     6 |     7 |     9 ||    23
       Potion            |       |       |     3 |     6 ||     9
 Stab: Sleeping          |     2 |     6 |     4 |       ||    12
       Distracted        |     1 |       |       |     5 ||     6
  Eat: Chunk             |     4 |    11 |    17 |     9 ||    41
       Ration            |       |       |       |     4 ||     4
Armor: Robe              |    66 |    36 |    83 |     4 ||   189
       Skin              |       |       |     4 |    13 ||    17
       Ring mail         |       |       |       |    98 ||    98
Dodge: Dodged            |   148 |    96 |   186 |   148 ||   578
Block: Other             |       |       |    15 |     3 ||    18
       Buckler           |       |       |       |   171 ||   171
